 Dungeon Crawl Stone Soup version 0.19-a0-1462-g5650605 (webtiles) character file.

51 MackTheKnife the Insei (level 3, -3/29 HPs)
             Began as a Demonspawn Chaos Knight on Sept 7, 2016.
             Slain by Crazy Yiuf
             ... wielding a +4 quarterstaff of chaos
              (4 damage)
             ... on level 2 of the Dungeon.
             The game lasted 00:02:43 (1755 turns).

MackTheKnife the Insei (Demonspawn Chaos Knight)    Turns: 1755, Time: 00:02:43

Health: -3/29      AC:  6    Str: 12    XL:     3   Next: 58%
Magic:  3/3        EV: 14    Int: 18    God:    Xom [....*.]
Gold:   61         SH:  0    Dex: 13    Spells: 0 memorised, 2 levels left

rFire  . . .     SeeInvis .       - Unarmed
rCold  . . .     Gourm    .     a - +3 leather armour
rNeg   . . .     Faith    .     (no shield)
rPois  .         Spirit   .     (no helmet)
rElec  .         Dismiss  .     (no cloak)
rCorr  .         Reflect  .     (no gloves)
MR     .....     Harm     .     (no boots)
Stlth  +.........               (no amulet)
                                (no ring)
                                (no ring)

@: brilliant
A: repulsion field 2
a: Renounce Religion


You were on level 2 of the Dungeon.
You worshipped Xom.
You were a beloved toy of Xom.
You were near starving.

You visited 1 branch of the dungeon, and saw 2 of its levels.

You collected 61 gold pieces.

Inventory:

Armour
 a - a +3 leather armour (worn)
Scrolls
 c - a scroll of amnesia
 d - a scroll of identify {unknown}
 e - 2 scrolls of magic mapping {!r}
 h - a scroll of immolation {unknown}
Potions
 f - a potion of brilliance
 g - 2 potions of invisibility {unknown}
 j - 2 potions of haste {unknown}
 l - a potion of might {unknown}
Comestibles
 b - a bread ration {@e1}


   Skills:
 - Level 3.0 Fighting
 - Level 1.7 Armour
 - Level 0.8 Dodging
 + Level 4.2 Unarmed Combat


You had 2 spell levels left.
You didn't know any spells.

Dungeon Overview and Level Annotations

Branches:
Dungeon (2/15)

Altars:

Annotations:
D:2 Crazy Yiuf


Innate Abilities, Weirdness & Mutations

You are surrounded by a moderate repulsion field. (EV +3)


Message History

You closely miss the quokka. The quokka completely misses you.
You hit the quokka.
You kill the quokka!
No target in view!
You see here a quokka corpse. "How about this?"
e - 2 scrolls of magic mapping {!r} (gained 1)
You see here 18 stones.
Your trail of clouds dissipates.
A bat comes into view.
A bat is nearby!
The helpless bat fails to defend itself.
You punch the bat!
You kill the bat!
No target in view!
You see here a bat corpse.
You are feeling very hungry.
A giant cockroach comes into view.
A giant cockroach is nearby!
A giant cockroach is nearby!
You hit the giant cockroach.
You kill the giant cockroach!
No target in view!
No target in view!
No target in view!
There is a stone staircase leading down here.
There is a stone staircase leading up here.
f - 2 bubbling ruby potions (gained 1) Partly explored, can't reach some places.
There is a stone staircase leading up here.
You see here a dagger.
You are near starving!
Okay, then.
You punch the fungus! You hit the fungus. You hit the fungus.
You hit the fungus. You hit the fungus. You hit the fungus. You hit the fungus.
You hit the fungus but do no damage. You completely miss the fungus.
You hit the fungus. You punch the fungus! You hit the fungus.
You hit the fungus.
You destroy the fungus!
You hit the fungus. You hit the fungus. You hit the fungus but do no damage.
You hit the fungus but do no damage. You hit the fungus but do no damage.
You hit the fungus. You punch the fungus. You hit the fungus.
You hit the fungus. You hit the fungus. You hit the fungus.
You hit the fungus but do no damage. You completely miss the fungus.
You hit the fungus but do no damage. You hit the fungus but do no damage.
You hit the fungus but do no damage. You punch the fungus! You hit the fungus.
You hit the fungus. You hit the fungus.
You destroy the fungus!
You hit the bush. You open the door.
Crazy Yiuf the Enlightened comes into view.
He is wielding a quarterstaff of chaos.
Crazy Yiuf shouts!
There is an open door here.
You closely miss Crazy Yiuf.
Crazy Yiuf says, "Crazy?
Crazy!?
PORCUPINE!"
Crazy Yiuf hits you with a quarterstaff of chaos.
You take 2 damage, and have 27/29 hp.
You barely miss Crazy Yiuf.
Crazy Yiuf considers dialectic materialism.
Crazy Yiuf barely misses you.
You hit Crazy Yiuf.
Crazy Yiuf says, "My goal is simple.
It is a complete understanding of the universe, why it is as it is and why it exists at all."
Crazy Yiuf hits you with a quarterstaff of chaos!
Crazy Yiuf burns you.
You take 11 damage, and have 16/29 hp.
MASSIVE DAMAGE!!
You hit Crazy Yiuf.
Crazy Yiuf hits you with a quarterstaff of chaos.
Crazy Yiuf burns you.
* * * LOW HITPOINT WARNING * * *
You take 8 damage, and have 8/29 hp.
MASSIVE DAMAGE!!
It was a potion of brilliance.
You feel clever all of a sudden.
Xom thinks this is hilarious!
Crazy Yiuf hits you with a quarterstaff of chaos!
* * * LOW HITPOINT WARNING * * *
A shower of butterflies erupts from you!
Crazy Yiuf burns you.
You die...
Xom howls with laughter!

###...###.# #.# #.#####
..........# #.# #.....#
########..# #.# #####.#
#..# ### ### #.†#
########..# ♣♣♣♣♣###
......###.#
####*♣♣♣.♣.P..##
..........#
#.b.#♣b.♣..♣...##
#####.#####
#..g@.♣♣♣♣P.....#
#.§....# #)..#♣♣ ♣♣P....#
#.§##### ####* ♣♣###.#
#§.....# #..# #§######
#.## #§# ##############)#
#§########..........##..#
#.§§§.........####..##..#
######.##....## #..##..#


You could see Crazy Yiuf.

Vanquished Creatures
  2 oozes
  A worm (D:2)
  A dart slug (D:1)
  4 giant cockroaches
  4 goblins
  4 hobgoblins
  3 quokkas (D:2)
  2 ball pythons
  4 bats
  3 giant newts
  4 kobolds (D:1)
  3 rats
  2 fungi (D:2)
37 creatures vanquished.

Notes
Turn   | Place    | Note
-------+----------+-------------------------------------------
     0 | D:1      | MackTheKnife the Demonspawn Chaos Knight began the quest for the Orb.
     0 | D:1      | Reached XP level 1. HP: 18/18 MP: 1/1
    32 | D:1      | XOM: silly message
   212 | D:1      | XOM: potion effect (curing)
   215 | D:1      | Reached skill level 3 in Unarmed Combat
   223 | D:1      | Gained mutation: You are surrounded by a mild repulsion field. (EV +2) [demonic ancestry]
   223 | D:1      | Reached XP level 2. HP: 13/24 MP: 2/2
   632 | D:1      | XOM: divination: detect items
   759 | D:1      | XOM: divination: detect items
   929 | D:1      | XOM: harmless Pois miscast
   977 | D:2      | Gained mutation: You are surrounded by a moderate repulsion field. (EV +3) [demonic ancestry]
   977 | D:2      | Reached XP level 3. HP: 19/29 MP: 3/3
  1002 | D:2      | XOM: 7-stop teleportation journey
  1119 | D:2      | Reached skill level 4 in Unarmed Combat
  1164 | D:2      | XOM: 8-stop teleportation journey
  1291 | D:2      | Found a faded altar of an unknown god.
  1394 | D:2      | XOM: cloud trail
  1745 | D:2      | Found a runed door.
  1749 | D:2      | Noticed Crazy Yiuf
  1755 | D:2      | HP: 1/29 [Crazy Yiuf/quarterstaff of chaos (7)]
  1755 | D:2      | XOM: butterfly on damage
  1755 | D:2      | Slain by Crazy Yiuf

Vault maps used:
D:1:      evilmike_arrival_plus, corexii_item_surrounded_by_moat
D:2:      ecumenical_altar_1, uniq_crazy_yiuf_cottage

Skill      XL: |  1  2  3 |
---------------+----------+-----
Unarmed Combat | 3 4 |  4.2
Fighting       | |  3.0
Armour         | |  1.7
Dodging        | |  0.8

Action                   || total
-------------------------++-------
Melee: Unarmed           ||   164
       Punch             ||     3
  Use: Scroll            ||     4
       Potion            ||     1
 Stab: Sleeping          ||     2
  Eat: Chunk             ||     1
Armor: Leather armour    ||    39
Dodge: Dodged            ||    59

Vault maps used:
D:1:      evilmike_arrival_plus, corexii_item_surrounded_by_moat
D:2:      ecumenical_altar_1, uniq_crazy_yiuf_cottage

Table legend:
 A = Turns spent in this place as a percentage of turns spent in the entire game.
 B = Non-inter-level travel turns spent in this place as a percentage of non-inter-level travel turns spent in the entire game.
 C = Inter-level travel turns spent in this place as a percentage of turns spent in this place.
 D = Turns resting spent in this place as a percentage of non-inter-level travel turns spent in this place.
 E = Turns spent auto-exploring this place as a percentage of non-inter-level travel turns spent in this place.
 F = Non-inter-level travel turns spent in this place divided by the number of levels of this place that you've seen.
                   A       B       C       D       E      F
               +-------+-------+-------+-------+-------+----------------------
         Total | 100.0 | 100.0 |   0.7 |   0.9 |  13.6 | 228.0
       Dungeon | 100.0 | 100.0 |   0.7 |   0.9 |  13.6 | 228.0
               +-------+-------+-------+-------+-------+----------------------

Table legend:
 A = Kills in this place as a percentage of kills in entire the game.
 B = Kills by you in this place as a percentage of kills by you in the entire game.
 C = Kills by friends in this place as a percentage of kills by friends in the entire game.
 D = Other kills in this place as a percentage of other kills in the entire game.
 E = Experience gained in this place as a percentage of experience gained in the entire game.
 F = Experience gained in this place divided by the number of levels of this place that you have seen.
                   A       B       C       D       E      F
               +-------+-------+-------+-------+-------+----------------------
         Total | 100.0 | 100.0 |  -nan |  -nan | 100.0 |  37.0
       Dungeon | 100.0 | 100.0 |  -nan |  -nan | 100.0 |  37.0
               +-------+-------+-------+-------+-------+----------------------
